 Dungeon Crawl Stone Soup version 0.25.1-2-g60ff931df9 (webtiles) character file.

Game seed: 302502182587600575

236 gruber the Skirmisher (level 6, -24/53 HPs)
             Began as a Gnoll Wanderer on Oct 12, 2020.
             Blown up by Ijyb (28 damage)
             ... with a disintegration bolt
             ... on level 3 of the Dungeon.
             The game lasted 00:03:13 (2887 turns).

gruber the Skirmisher (Gnoll Wanderer)              Turns: 2887, Time: 00:03:14

Health: -24/53     AC:  6    Str: 17    XL:     6   Next: 6%
Magic:  8/8        EV:  9    Int: 12    God:
Gold:   157        SH: 13    Dex: 16    Spells: 8/8 levels left

rFire    . . .     SeeInvis .   d - +0 war axe (venom)
rCold    . . .     Gourm    .   j - +0 tower shield
rNeg     . . .     Faith    .   r - +0 ring mail
rPois    .         Spirit   .   i - +0 helmet (curse)
rElec    .         Reflect  .   (no cloak)
rCorr    .         Harm     .   (no gloves)
MR       .....                  (no boots)
Stlth    ++........             (no amulet)
HPRegen  0.17/turn              (no ring)
MPRegen  0.11/turn              (no ring)

@: no status effects
A: distributed training, fangs 1, strong nose
a: no special abilities


You were on level 3 of the Dungeon.
You were not hungry.

You visited 1 branch of the dungeon, and saw 3 of its levels.

You collected 157 gold pieces.

Inventory:

Hand Weapons
 a - a +0 falchion
 d - a +0 war axe of venom (weapon)
 e - a +0 dagger
Missiles
 b - 4 throwing nets (quivered)
Armour
 i - a cursed +0 helmet (worn)
 j - a +0 tower shield (worn)
 r - a +0 ring mail (worn)
Scrolls
 g - 2 scrolls of magic mapping {unknown}
 h - 5 scrolls of teleportation {unknown}
 k - 4 scrolls of identify {unknown}
 n - a scroll of fog {unknown}
 o - a scroll of amnesia {unknown}
 q - a scroll of blinking {unknown}
Potions
 c - 2 potions of lignification
 l - 4 potions of curing {unknown}
 m - a potion of mutation {unknown}
 p - a potion of magic {unknown}
 s - 2 potions of haste {unknown}
 u - a potion of ambrosia {unknown}
Comestibles
 f - 4 rations
 t - 3 chunks of flesh


   Skills:
 + Level 6.7 Fighting
 + Level 1.7 Short Blades
 + Level 3.1 Long Blades
 + Level 1.7 Axes
 + Level 1.7 Maces & Flails
 + Level 1.7 Polearms
 + Level 1.7 Staves
 + Level 1.7 Slings
 + Level 1.7 Bows
 + Level 1.7 Crossbows
 + Level 1.7 Throwing
 + Level 1.7 Armour
 + Level 4.9 Dodging
 + Level 4.5 Stealth
 + Level 3.1 Shields
 + Level 1.7 Unarmed Combat
 + Level 1.7 Spellcasting
 + Level 1.3 Conjurations
 + Level 1.3 Hexes
 + Level 1.3 Charms
 + Level 1.3 Summonings
 + Level 1.3 Necromancy
 + Level 1.3 Translocations
 + Level 1.3 Transmutations
 + Level 1.3 Fire Magic
 + Level 1.3 Ice Magic
 + Level 1.3 Air Magic
 + Level 1.3 Earth Magic
 + Level 1.3 Poison Magic
 + Level 2.0 Invocations
 + Level 3.1 Evocations


You had 8 spell levels left.
You didn't know any spells.
Your spell library was empty.

Dungeon Overview and Level Annotations

Branches:
Dungeon (3/15)

Altars:

Annotations:
D:3 Ijyb


Innate Abilities, Weirdness & Mutations

Your experience applies equally to all skills.
You have very sharp teeth.
Your uncanny sense of smell can sniff out nearby items.


Message History

Found 11 arrows.
Found a ration.
Ijyb the Twisted Goblin comes into view.
She is wielding a +0 dagger and carrying a wand of disintegration (12).
You hit the rat.
You kill the rat!
Your Invocations skill increases to level 2!
Ijyb shouts!
Ijyb zaps a wand.
You are blasted!
An adder comes into view.
Ijyb zaps a wand.
You are blasted!
You are too injured to fight recklessly!
You are too injured to fight recklessly!
You are too injured to fight recklessly!
Unknown command.
Unknown command.
Ijyb zaps a wand.
You are blasted!
* * * LOW HITPOINT WARNING * * *
Ijyb zaps a wand.
You are blasted!
Ouch! That really hurt!
You die...

#.........# ####......#
#......### #........#
####...#.#.# .#.#
#####.#.##... #########
###.#.....##. #.......##
#.).#........
#........######@###.......#
#....÷...............g..%.#
#.............#...#......S.
######........#...#....(...
#.............†.......
#.......##....########
#.......##.####
#.......##.# ##########.#


You could see Ijyb.

Vanquished Creatures
  An ogre (D:3)
  Natasha (thrice) (D:2)
  2 adders (D:2)
  4 worms
  A leopard gecko (D:1)
  7 bats
  3 giant cockroaches (D:1)
  3 hobgoblins (D:1)
  3 quokkas
  A ball python (D:3)
  7 frilled lizards
  8 goblins
  5 kobolds
  5 rats
53 creatures vanquished.

Notes
Turn   | Place    | Note
-------+----------+-------------------------------------------
     0 | D:1      | gruber the Gnoll Wanderer began the quest for the Orb.
     0 | D:1      | gruber set off with the following items: a +0 falchion, 4
                  | throwing nets, a potion of lignification, a +0 leather
                  | armour, a +0 dagger, a ration
     0 | D:1      | Reached XP level 1. HP: 23/23 MP: 2/2
   101 | D:1      | Reached XP level 2. HP: 25/29 MP: 3/3
   751 | D:1      | Reached XP level 3. HP: 35/35 MP: 4/4
  1173 | D:2      | Noticed Natasha
  1181 | D:2      | Reached skill level 1 in Invocations
  1398 | D:2      | Reached skill level 1 in Short Blades
  1398 | D:2      | Reached skill level 1 in Axes
  1398 | D:2      | Reached skill level 1 in Maces & Flails
  1398 | D:2      | Reached skill level 1 in Polearms
  1398 | D:2      | Reached skill level 1 in Staves
  1398 | D:2      | Reached skill level 1 in Slings
  1398 | D:2      | Reached skill level 1 in Bows
  1398 | D:2      | Reached skill level 1 in Crossbows
  1398 | D:2      | Reached skill level 1 in Throwing
  1398 | D:2      | Reached skill level 1 in Armour
  1398 | D:2      | Reached skill level 1 in Unarmed Combat
  1398 | D:2      | Reached skill level 1 in Spellcasting
  1426 | D:2      | Reached XP level 4. HP: 36/41 MP: 6/6
  1502 | D:2      | Killed Natasha
  1782 | D:2      | Noticed Natasha
  1798 | D:2      | Killed Natasha
  1798 | D:2      | Reached skill level 1 in Conjurations
  1798 | D:2      | Reached skill level 1 in Hexes
  1798 | D:2      | Reached skill level 1 in Charms
  1798 | D:2      | Reached skill level 1 in Summonings
  1798 | D:2      | Reached skill level 1 in Necromancy
  1798 | D:2      | Reached skill level 1 in Translocations
  1798 | D:2      | Reached skill level 1 in Transmutations
  1798 | D:2      | Reached skill level 1 in Fire Magic
  1798 | D:2      | Reached skill level 1 in Ice Magic
  1798 | D:2      | Reached skill level 1 in Air Magic
  1798 | D:2      | Reached skill level 1 in Earth Magic
  1798 | D:2      | Reached skill level 1 in Poison Magic
  1946 | D:2      | Noticed Natasha
  1960 | D:2      | Killed Natasha
  1960 | D:2      | Reached XP level 5. HP: 7/47 MP: 7/7
  2673 | D:3      | Noticed an ogre
  2682 | D:3      | Killed an ogre
  2682 | D:3      | Reached XP level 6. HP: 34/53 MP: 8/8
  2880 | D:3      | Noticed Ijyb
  2887 | D:3      | Blown up by Ijyb

Illustrated notes

Levels and vault maps discovered:
D:1:      saegor_arrival_simple_d, layout_basic
D:2:      layout_loops_ring, first_ration, uniq_natasha
D:3:      layout_basic, uniq_sigmund, uniq_ijyb

Skill      XL: |  1  2  3  4  5  6 |
---------------+-------------------+-----
Invocations    | 1 2 |  2.0
Short Blades   | 1 |  1.7
Axes           | 1 |  1.7
Maces & Flails | 1 |  1.7
Polearms       | 1 |  1.7
Staves         | 1 |  1.7
Slings         | 1 |  1.7
Bows           | 1 |  1.7
Crossbows      | 1 |  1.7
Throwing       | 1 |  1.7
Armour         | 1 |  1.7
Unarmed Combat | 1 |  1.7
Spellcasting   | 1 |  1.7
Conjurations   | 1 |  1.3
Hexes          | 1 |  1.3
Charms         | 1 |  1.3
Summonings     | 1 |  1.3
Necromancy     | 1 |  1.3
Translocations | 1 |  1.3
Transmutations | 1 |  1.3
Fire Magic     | 1 |  1.3
Ice Magic      | 1 |  1.3
Air Magic      | 1 |  1.3
Earth Magic    | 1 |  1.3
Poison Magic   | 1 |  1.3
Long Blades    | 3 |  3.1
Shields        | 3 |  3.1
Evocations     | 3 |  3.1
Fighting       | |  6.7
Dodging        | |  4.9
Stealth        | |  4.5

Action                   |  1- 3 |  4- 6 || total
-------------------------+-------+-------++-------
Melee: Falchion          |   104 |    41 ||   145
       Bite              |    11 |     5 ||    16
       War axe           |       |    14 ||    14
 Stab: Sleeping          |    11 |     1 ||    12
  Eat: Chunk             |     2 |     1 ||     3
       Ration            |       |     1 ||     1
Armor: Leather armour    |    33 |     5 ||    38
       Ring mail         |       |     3 ||     3
Dodge: Dodged            |    34 |    17 ||    51
Block: Tower shield      |    45 |    35 ||    80
       Rpst.: Falchion   |    15 |     4 ||    19
